 Dungeon Crawl Stone Soup version 0.28-a0-980-g3664467d6e (webtiles) character file.

Game seed: 15076013378576523172

32744 BinkBink the Tortoise (level 13, -10/117 HPs)
             Began as a Minotaur Monk on Dec 2, 2021.
             Was the Champion of Zin.
             Shot with a bolt by an orc warlord (29 damage)
             ... on level 1 of the Orcish Mines.
             The game lasted 00:51:02 (18816 turns).

BinkBink the Tortoise (Minotaur Monk)              Turns: 18816, Time: 00:51:02

Health: -10/117    AC: 27    Str: 21    XL:     13   Next: 33%
Magic:  16/16      EV: 17    Int:  9    God:    Zin [******]
Gold:   1228       SH:  0    Dex: 20    Spells: 12/12 levels left

rFire   + . .      SeeInvis +   a - +1 hand axe
rCold   + . .      Faith    .   (no shield)
rNeg    . . .      Spirit   .   G - +3 plate armour
rPois   ∞          Reflect  .   (helmet restricted)
rElec   .          Harm     .   x - scarf {rC+ rF+}
rCorr   .          Rampage  .   v - +2 pair of gloves {Str+3}
Will    .....                   A - +2 pair of boots
Stlth   ..........              J - amulet of regeneration
HPRegen 1.09/turn               p - +4 ring of evasion
MPRegen 0.15/turn               q - ring of see invisible

@: vitalised
A: horns 2, retaliatory headbutt
a: Renounce Religion, Recite, Vitalisation, Imprison, Sanctuary, Donate Gold


You were on level 1 of the Orcish Mines.
You worshipped Zin.
Zin was exalted by your worship.
You visited 3 branches of the dungeon, and saw 13 of its levels.
You also visited: Sewer.

You collected 1522 gold pieces.
You spent 168 gold pieces at shops.
You donated 126 gold pieces to Zin.

Inventory:

Hand Weapons
 a - a +1 hand axe (weapon)
Missiles
 j - 4 throwing nets (quivered)
Armour
 v - a +2 pair of gloves of strength (worn)
 x - a scarf of resistance (worn)
 A - a +2 pair of boots (worn)
 G - a +3 plate armour (worn)
Magical Staves
 K - a staff of conjuration
Jewellery
 e - an amulet of guardian spirit
 n - a ring of magical power
 p - a +4 ring of evasion (left hand)
 q - a ring of see invisible (right hand)
 E - a ring of protection from fire
 I - a +6 ring of dexterity
 J - an amulet of regeneration (around neck)
Wands
 o - a wand of iceblast (32)
 y - a wand of mindburst (21)
 z - a wand of paralysis (11)
 C - a wand of acid (12)
Scrolls
 b - a scroll of holy word {unknown}
 d - 2 scrolls of immolation
 g - a scroll of enchant armour {unknown}
 h - 3 scrolls of magic mapping
 i - 3 scrolls of enchant weapon
 m - a scroll of amnesia {unknown}
 r - 5 scrolls of blinking
 F - a scroll of fog {unknown}
 H - a scroll of fear
Potions
 c - 2 potions of lignification
 f - 3 potions of degeneration
 k - 5 potions of curing
 l - 3 potions of magic
 s - 4 potions of flight
 t - 2 potions of cancellation
 u - a potion of brilliance {unknown}
 w - 2 potions of invisibility {unknown}
 B - a potion of attraction {unknown}
 D - a potion of mutation {unknown}


   Skills:
 + Level 11.8 Fighting
 + Level 15.1 Axes
 * Level 15.9 Armour
 * Level 10.2 Dodging
 - Level 1.5 Stealth
 + Level 5.6 Invocations


You had 12 spell levels left.
You didn't know any spells.
Your spell library contained the following spells:

 Spells                   Type           Power      Damage    Failure   Level
 Beastly Appendage        Tmut           0%         N/A       98%         1
 Foxfire                  Conj/Fire      0%         2x1d4     98%         1
 Summon Small Mammal      Summ           0%         N/A       98%         1
 Corpse Rot               Necr/Air       0%         N/A       99%         2
 Ensorcelled Hibernation  Hex/Ice        0%         N/A       99%         2
 Wereblood                Tmut           0%         N/A       99%         2
 Call Canine Familiar     Summ           0%         N/A       100%        3
 Conjure Flame            Conj/Fire      0%         6-21      100%        3
 Gell's Gravitas          Tloc           0%         N/A       100%        3
 Ignite Poison            Fire/Tmut/Pois 0%         N/A       100%        3
 Inner Flame              Hex/Fire       0%         N/A       100%        3
 Lesser Beckoning         Tloc           0%         N/A       100%        3
 Spider Form              Tmut/Pois      0%         N/A       100%        3
 Summon Guardian Golem    Hex/Summ       0%         N/A       100%        3
 Teleport Other           Tloc           0%         N/A       100%        3
 Tukima's Dance           Hex            0%         N/A       100%        3
 Animate Armour           Summ/Erth      0%         N/A       100%        4
 Cause Fear               Hex            0%         N/A       100%        4
 Dispel Undead            Necr           0%         3d6       100%        4
 Flame Wave               Conj/Fire      0%         2d4       100%        4
 Sticky Flame             Conj/Fire      0%         2d3       100%        4
 Blade Hands              Tmut           0%         N/A       100%        5
 Irradiate                Conj/Tmut      0%         3d13      100%        5
 Death Channel            Necr           0%         N/A       100%        6
 Iron Shot                Conj/Erth      0%         9d1       100%        6
 Dragon Form              Tmut           0%         N/A       100%        7
 Discord                  Hex            0%         N/A       100%        8


Dungeon Overview and Level Annotations

Branches:
Dungeon (10/15)            Temple (0/1) D:6            Lair (1/6) D:8
    Orc (2/2) D:10            Elf (0/3) Orc:2         Sewer (visited)

Altars:
Dithmenos
Fedhas
Gozag
Nemelex Xobeh
Okawaru
Ru
Sif Muna
Trog
Wu Jian
Zin
The Shining One

Shops:
D:1 [   D:4 [   D:8 :   Orc:2 (*:(

Annotations:
D:6 3 runed translucent doors, Decritt's ghost, novice MiFi; astraldaughter's ghost, novice FoCA; hansi's ghost, novice MiBe
D:9 3 runed translucent doors, atomjack's ghost, novice VSTm
Lair:1 Nergalle


Innate Abilities, Weirdness & Mutations

You have a pair of horns on your head.
You reflexively headbutt those who attack you in melee.


Message History

"...and embraced lawfulness, for they feared Zin's wrath."
You finish reciting Abominations 2:76.
The orc warlord shoots a bolt.
The bolt completely misses you.
The orc warlord shoots a bolt.
The bolt hits you!
The orc warlord shoots a bolt.
The bolt completely misses you.
There is a stone staircase leading down, spattered with blood here.
Things that are here:
a +0 ring mail; a boomerang; a +0 club The orc warlord shoots a bolt.
The bolt hits you!!
The orc warlord unwields a +0 arbalest.
The orc warlord wields a +0 halberd.
The orc warlord hits you with a +0 halberd.
You hit the orc warlord.
The orc warlord is moderately wounded.
The orc warlord hits you with a +0 halberd!
You hit the orc warlord but do no damage.
The orc warlord is moderately wounded.
You hit the orc warlord but do no damage.
Your headbutt misses the orc warlord.
The orc warlord is moderately wounded.
The orc warlord hits you with a +0 halberd!
You slash the orc warlord!
You headbutt the orc warlord, but do no damage.
The orc warlord is moderately wounded.
The orc warlord hits you with a +0 halberd!
You hit the orc warlord. You headbutt the orc warlord.
The orc warlord is moderately wounded.
You barely miss the orc warlord. You headbutt the orc warlord.
The orc warlord is moderately wounded.
The orc warlord hits you with a +0 halberd!
The orc warlord hits you but does no damage.
You are ready to recite again.
The orc warlord unwields a +0 halberd.
The orc warlord wields a +0 arbalest.
The orc warlord shoots a bolt.
The bolt misses you.
Things that are here:
a +0 ring mail; a boomerang; a +0 club The orc warlord shoots a bolt.
The bolt hits you!!
* * * LOW HITPOINT WARNING * * *
There is a stone staircase leading down, spattered with blood here.
The orc warlord shoots a bolt.
The bolt hits you!!
You die...

##..#........# #
##............# .##
#..>..........#...#
#..$.#.$.........#
#.$......#o......
##.....[........#
##.#.[[......#...#
#...$.[)[....# #
#.....)@).#.##
##....))...##
#.........#
#...........#
..........$$$.#
...........#..##
#.###........##
#.........
.......#.##


You could see an orc warlord.

Vanquished Creatures
  Harold (D:7)
  4 ogre magi (Orc:2)
  18 two-headed ogres
  2 orc high priests (Orc:1)
  An orb spider (shapeshifter) (D:9)
  A cyclops (D:9)
  2 black mambas (Lair:1)
  Psyche (D:8)
  3 cane toads (Lair:1)
  A kobold demonologist (D:9)
  A komodo dragon (D:8)
  A hornet (D:8)
  Prince Ribbit (D:7)
  6 trolls
  A wyvern (D:8)
  7 yaks
  9 wargs
  3 steam dragons
  A necrophage (D:4)
  An ice beast (D:5)
  25 orc warriors
  A black bear (D:6)
  10 centaurs
  35 ogres
  2 phantoms
  4 kobold brigands
  11 bullfrogs
  3 gnoll sergeants
  3 scorpions
  A water moccasin skeleton (D:5)
  10 wights
  5 electric eels
  7 howler monkeys
  3 centaur zombies
  2 jellies
  19 orc priests
  3 bullfrog skeletons
  3 gnoll shamans
  8 hounds
  2 centaur skeletons
  An iguana (D:6)
  23 orc wizards
  A hound zombie (D:5)
  2 hound skeletons (D:4)
  A mummy (D:6)
  3 howler monkey zombies
  7 gnolls (D:8)
  5 adders
  2 shadow imps
  3 white imps
  An ufetubus (D:7)
  3 adder skeletons (D:4)
  8 worms
  5 dart slugs
  76 orcs
  5 ball pythons
  11 bats
  11 endoplasms
  10 giant cockroaches
  6 goblins
  3 hobgoblins
  9 jackals
  10 quokkas
  3 frilled lizards
  2 hobgoblin zombies (D:6)
  28 kobolds
  A kobold zombie (D:6)
  An orc zombie (D:6)
  7 rats
470 creatures vanquished.

Vanquished Creatures (others)
  An electric eel (D:8)
  4 fungi
  80 plants
  3 withered plants
88 creatures vanquished.

Grand Total: 558 creatures vanquished

Notes
Turn   | Place    | Note
-------+----------+-------------------------------------------
     0 | D:1      | BinkBink the Minotaur Monk began the quest for the Orb.
     0 | D:1      | Reached XP level 1. HP: 19/19 MP: 0/0
   176 | D:1      | Reached XP level 2. HP: 7/27 MP: 1/1
   602 | D:1      | Reached skill level 1 in Armour
   824 | D:1      | Found a faded altar of an unknown god.
   833 | D:1      | Prayed at the altar of an unknown god.
   833 | D:1      | Became a worshipper of Zin the Law-Giver
   833 | D:1      | Reached * piety under Zin
   833 | D:1      | Reached ** piety under Zin
   864 | D:1      | Found Tothronid's Antique Armour Shop.
   872 | D:1      | Reached XP level 3. HP: 32/33 MP: 2/2
  1340 | D:2      | Noticed a phantom
  1356 | D:2      | Killed a phantom
  1357 | D:2      | Reached XP level 4. HP: 16/41 MP: 3/3
  1582 | D:2      | Reached *** piety under Zin
  1877 | D:2      | Reached skill level 5 in Axes
  1901 | D:2      | Reached XP level 5. HP: 33/47 MP: 4/4
  2768 | D:3      | Found a shimmering blue altar of Sif Muna.
  3235 | D:4      | Reached **** piety under Zin
  3319 | D:4      | Found an ornate altar of the Wu Jian Council.
  3380 | D:4      | Reached ***** piety under Zin
  3403 | D:4      | Reached XP level 6. HP: 54/55 MP: 5/5
  3513 | D:4      | Found a glowing drain.
  3517 | Sewer    | Entered a sewer
  4189 | D:4      | Found Locoalu's Antique Armour Emporium.
  4203 | D:4      | Bought a pair of runed gloves for 142 gold pieces
  4266 | D:4      | Reached skill level 5 in Fighting
  4412 | D:4      | Reached skill level 5 in Dodging
  4412 | D:4      | Reached XP level 7. HP: 59/61 MP: 6/6
  4895 | D:5      | Entered Level 5 of the Dungeon
  4936 | D:5      | Noticed a troll
  5222 | D:5      | Reached XP level 8. HP: 64/70 MP: 5/7
  5332 | D:5      | Reached skill level 5 in Armour
  6114 | D:5      | Killed a troll
  6244 | D:6      | Reached skill level 1 in Invocations
  6467 | D:6      | Found a runed translucent gate.
  6467 | D:6      | Found a runed translucent gate.
  6467 | D:6      | Found a runed translucent gate.
  6542 | D:6      | Found a staircase to the Ecumenical Temple.
  6553 | D:6      | Reached XP level 9. HP: 67/78 MP: 7/9
  6928 | D:6      | Found a shadowy altar of Dithmenos.
  7175 | D:6      | Noticed astraldaughter's ghost (novice FoCA)
  7175 | D:6      | Noticed Decritt's ghost (novice MiFi)
  7175 | D:6      | Noticed hansi's ghost (novice MiBe)
  7264 | D:7      | Noticed Harold
  7299 | D:7      | Killed Harold
  7300 | D:7      | Reached skill level 10 in Axes
  7544 | D:7      | Noticed Prince Ribbit
  7554 | D:7      | Killed Prince Ribbit
  8270 | D:8      | Found a staircase to the Lair.
  8296 | D:8      | Reached XP level 10. HP: 45/88 MP: 5/10
  8883 | D:8      | Found Saclahops's Book Shop.
  8897 | D:8      | Found a sacrificial altar of Ru.
  9213 | D:8      | Reached skill level 10 in Armour
  9647 | D:8      | Noticed Psyche
 10498 | D:8      | Reached ****** piety under Zin
 10610 | D:8      | Killed Psyche
 10628 | D:8      | Found an iron altar of Okawaru.
 11240 | D:8      | Found a bloodstained altar of Trog.
 11241 | D:8      | Found a blossoming altar of Fedhas.
 11522 | D:9      | Noticed an eight-headed hydra
 11945 | D:9      | Noticed a two-headed ogre
 11953 | D:9      | Killed a two-headed ogre
 11954 | D:9      | Reached XP level 11. HP: 97/97 MP: 12/12
 12083 | D:9      | Found a sparkling altar of Nemelex Xobeh.
 12230 | D:8      | Noticed a two-headed ogre
 12258 | D:8      | Killed a two-headed ogre
 12383 | D:9      | Noticed a four-headed hydra
 12916 | D:9      | Found a runed translucent gate.
 12917 | D:9      | Found a runed translucent gate.
 12917 | D:9      | Found a runed translucent gate.
 12917 | D:9      | Found an opulent altar of Gozag.
 12919 | D:9      | Noticed a two-headed ogre
 12919 | D:9      | Noticed atomjack's ghost (novice VSTm)
 12921 | D:9      | Noticed a two-headed ogre
 12921 | D:9      | Noticed a two-headed ogre
 12950 | D:9      | Killed a two-headed ogre
 13090 | D:9      | Killed a two-headed ogre
 13654 | D:9      | Noticed an orb spider
 13654 | D:9      | a guardian serpent changed into an orb spider
 13663 | D:9      | Killed an orb spider
 13831 | D:9      | Found a glowing golden altar of the Shining One.
 14172 | D:9      | Noticed a deep troll
 14348 | D:9      | Noticed a boulder beetle
 14692 | Lair:1   | Entered Level 1 of the Lair of Beasts
 15133 | Lair:1   | Noticed Nergalle
 15160 | Lair:1   | Noticed a spectral orc warlord
 15442 | D:8      | Reached skill level 10 in Fighting
 15549 | D:10     | Entered Level 10 of the Dungeon
 15774 | D:10     | Found a glowing silver altar of Zin.
 15871 | D:10     | Found a staircase to the Orcish Mines.
 16008 | Orc:1    | Entered Level 1 of the Orcish Mines
 16019 | Orc:1    | Noticed an orc high priest
 16053 | D:10     | Reached XP level 12. HP: 103/106 MP: 13/13
 16167 | Orc:1    | Killed an orc high priest
 16388 | Orc:2    | Entered Level 2 of the Orcish Mines
 16578 | Orc:2    | Noticed a two-headed ogre
 16579 | Orc:2    | Noticed a two-headed ogre
 16587 | Orc:2    | Noticed a two-headed ogre
 16590 | Orc:2    | Noticed a two-headed ogre
 16595 | Orc:2    | Noticed a two-headed ogre
 16596 | Orc:2    | Noticed an orc high priest
 16597 | Orc:2    | Noticed an ogre mage
 16603 | Orc:2    | Noticed an ogre mage
 16608 | Orc:2    | Killed a two-headed ogre
 16627 | Orc:2    | Killed a two-headed ogre
 16699 | Orc:2    | Killed a two-headed ogre
 16723 | Orc:1    | Killed a two-headed ogre
 16833 | Orc:1    | Killed an orc high priest
 16866 | Orc:2    | Killed an ogre mage
 16892 | Orc:2    | Noticed a two-headed ogre
 16916 | Orc:1    | Killed a two-headed ogre
 16942 | Orc:2    | Killed a two-headed ogre
 16992 | Orc:2    | Noticed a two-headed ogre
 17020 | Orc:2    | Killed a two-headed ogre
 17021 | Orc:2    | Reached skill level 15 in Armour
 17045 | Orc:2    | Noticed a two-headed ogre
 17047 | Orc:2    | Noticed a two-headed ogre
 17048 | Orc:2    | Noticed a two-headed ogre
 17048 | Orc:2    | Noticed a two-headed ogre
 17048 | Orc:2    | Noticed a two-headed ogre
 17048 | Orc:2    | Noticed an ogre mage
 17078 | Orc:1    | Killed a two-headed ogre
 17110 | Orc:1    | Killed a two-headed ogre
 17111 | Orc:1    | Reached skill level 5 in Invocations
 17145 | Orc:1    | Killed a two-headed ogre
 17186 | Orc:2    | Killed an ogre mage
 17195 | Orc:2    | Killed a two-headed ogre
 17205 | Orc:2    | Killed a two-headed ogre
 17206 | Orc:2    | Reached XP level 13. HP: 74/116 MP: 14/16
 17455 | Orc:2    | Paralysed by an ogre mage for 5 turns
 17527 | Orc:2    | Reached skill level 10 in Dodging
 17611 | Orc:2    | Found Pueqegoc's Weapon Boutique.
 17611 | Orc:2    | Found Waheatuc's Book Shoppe.
 17612 | Orc:2    | Found Dupeukko's General Store.
 17612 | Orc:2    | Found Kodwohat's Weapon Shop.
 17625 | Orc:2    | Bought a scroll of identify for 26 gold pieces
 17653 | Orc:2    | Reached skill level 15 in Axes
 17919 | Orc:2    | Found a staircase to the Elven Halls.
 18208 | Orc:1    | Noticed an orc warlord
 18816 | Orc:1    | Shot with a bolt by an orc warlord

Illustrated notes

Levels and vault maps discovered:
D:1:      dpeg_arrival_prison, layout_basic, ebering_ecumenical_altar_petrified,
          serial_shops, nicolae_shop_stone, serial_bayou_pond_b
D:2:      layout_basic
D:3:      layout_basic, pf_just_have_faith
D:4:      layout_loops_ring, mainiacjoe_overflow_alcove_1, serial_shops, shop,
          gup_sewer_entry_spiral
D:5:      layout_cave_pools, minmay_chambers_of_fives
D:6:      layout_rooms, grunt_dithmenos_shadows,
          minmay_temple_entry_antechambers, gammafunk_ghost_cemetery,
          minmay_mini_ossuary
D:7:      layout_cave_pods, uniq_prince_ribbit1, uniq_harold
D:8:      kennysheep_housing_project, layout_basic,
          nicolae_overflow_hidden_temple, gammafunk_temple_overflow_statue,
          lemuel_round_altar, erik_lair_orcish_takeover, serial_shops,
          shop_fountains, special_room [special_room_orc], fungi_pond_lemuel,
          grunt_tough_drop, uniq_psyche
D:9:      minmay_chopped_fan, layout_small_grid, nemelex_diamond_rough_becter,
          nicolae_tso_swordbearing_angel, serial_bayou, serial_bayou_pond_b,
          serial_bayou_crossing, serial_bayou_ford_a, serial_bayou_lagoon_a,
          ebering_ghost_gozag, minmay_starry_boxes
D:10:     layout_rooms, zin_statuary, orc_0_dummy, hex_tiny
Lair:1:   layout_long_grid, hangedman_lair_unloving_vines, uniq_nergalle
Orc:1:    layout_caves
Orc:2:    st_orc_ogre_mass, layout_diamond_mine, gauntlet_entry_generic,
          nicolae_orc_tapped_out

Skill      XL: |  1  2  3  4  5  6  7  8  9 10 11 12 13 |
---------------+----------------------------------------+-----
Armour         | 1 2 3 4 6 8 11 13 15 | 15.9
Axes           | 4 5 6 7 9 11 12 13 14 15 | 15.1
Fighting       | 4 5 6 8 9 10 11 | 11.8
Dodging        | 4 5 7 8 9 10 | 10.2
Invocations    | 1 2 3 5 |  5.6
Stealth        | |  1.5

Action                   |  1- 3 |  4- 6 |  7- 9 | 10-12 | 13-15 || total
-------------------------+-------+-------+-------+-------+-------++-------
Melee: Hand axe          |    79 |   208 |   291 |  1120 |   363 ||  2061
       Headbutt          |    16 |    42 |    86 |   320 |   133 ||   597
Invok: Recite            |       |     1 |     5 |    17 |     1 ||    24
       Vitalisation      |       |       |       |     6 |     1 ||     7
Evoke: Wand              |       |       |       |     4 |     1 ||     5
  Use: Potion            |       |     2 |       |     3 |       ||     5
       Scroll            |       |       |     4 |     7 |     1 ||    12
 Stab: Distracted        |     1 |       |       |       |       ||     1
       Sleeping          |     2 |     6 |     2 |       |       ||    10
       Paralysed         |       |       |       |     3 |     2 ||     5
       Invisible         |       |       |       |     3 |       ||     3
       Confused          |       |       |       |     1 |       ||     1
Armor: Robe              |    25 |    40 |    15 |       |       ||    80
       Plate armour      |       |       |    94 |   436 |   107 ||   637
Dodge: Dodged            |    64 |   128 |   216 |   596 |   188 ||  1192

Table legend: (Time is in decaauts)
 A = Elapsed time spent in this place.
 B = Non-inter-level travel time spent in this place.
 C = Inter-level travel time spent in this place.
 D = Time resting spent in this place.
 E = Time spent auto-exploring this place.
 F = Levels seen in this place.
 G = Mean time per level.
                   A        B        C        D        E       F      G
               +--------+--------+--------+--------+--------+-----+--------+
         Total |  18413 |  17507 |    906 |      0 |  12886 |  14 | 1315.2 |
       Dungeon |  14797 |  14093 |    704 |      0 |  11032 |  10 | 1479.7 |
          Lair |    528 |    528 |      0 |      0 |    337 |   1 |  528.0 |
  Orcish Mines |   2366 |   2165 |    201 |      0 |   1095 |   2 | 1183.0 |
         Sewer |    720 |    720 |      0 |      0 |    421 |   1 |  720.0 |
               +--------+--------+--------+--------+--------+-----+--------+

Top non-repeatable levels by time:
     D:8: 3736 daAuts
     D:9: 2121 daAuts
   Orc:2: 1733 daAuts
     D:7: 1663 daAuts
     D:4: 1401 daAuts
     D:1: 1336 daAuts
     D:2: 1193 daAuts
     D:6: 1012 daAuts
     D:5: 1009 daAuts
   Sewer: 720 daAuts
     D:3: 701 daAuts
   Orc:1: 633 daAuts
    D:10: 620 daAuts
  Lair:1: 528 daAuts
